 Dungeon Crawl Stone Soup version 0.26.1-11-gd32895ea62 (webtiles) character file.

Game seed: 12791095482421327859

1939 Descartes the Grappler (level 8, -13/105 HPs)
             Began as a Troll Warper on May 30, 2021.
             Was a Plaything of Xom.
             Mangled by an ettin (glowing shapeshifter) (14 damage)
             ... on level 4 of the Dungeon.
             The game lasted 00:19:06 (4317 turns).

Descartes the Grappler (Troll Warper)               Turns: 4317, Time: 00:19:10

Health: -13/105    AC: 24    Str: 19 (20) XL:     8   Next: 98%
Magic:  8/8        EV:  1    Int: 11 (12) God:    Xom [....*.]
Gold:   223        SH:  0    Dex: 10      Spells: 7/9 levels left

rFire    . . .     SeeInvis .     - Unarmed
rCold    . . .     Faith    .   (no shield)
rNeg     + + +     Spirit   .   (armour currently unavailable)
rPois    +         Reflect  .   (helmet currently unavailable)
rElec    .         Harm     .   (cloak currently unavailable)
rCorr    .         Rampage  .   (gloves unavailable)
Will     .....     NoTele   +   (boots unavailable)
Stlth    ++........             (no amulet)
HPRegen  0.67/turn              m - ring of teleportation
MPRegen  0.11/turn              (no ring)

@: mighty, lethally poisoned (-13 -> -13), tree-form, very slightly
contaminated, invisible
A: large, unfitting armour, clever 1, regeneration 1, MP-powered wands
a: Renounce Religion


You were on level 4 of the Dungeon.
You worshipped Xom.
You were a beloved toy of Xom.
You were a tree.
You visited 1 branch of the dungeon, and saw 6 of its levels.
You also visited: Sewer.

You collected 223 gold pieces.

Inventory:

Missiles
 d - 5 boomerangs of dispersal (quivered)
 g - 176 stones
 o - 5 atropa-tipped darts
 q - 46 arrows
 x - 34 bolts
 B - 18 sling bullets
Armour
 a - a +0 robe
 h - +0 shadow dragon scales (melded)
Jewellery
 m - a ring of teleportation (left branch)
 E - an uncursed ring of protection from cold {unknown}
Wands
 l - a wand of paralysis (4)
 y - a wand of random effects (12)
 z - a wand of disintegration (14)
 A - a wand of flame (1)
 D - a wand of enslavement (12)
Scrolls
 c - 4 scrolls of blinking
 e - 3 scrolls of remove curse
 r - 3 scrolls of teleportation
 u - a scroll of fear
 w - 2 scrolls of noise
 G - a scroll of magic mapping
Potions
 f - 3 potions of flight {unknown}
 i - 2 potions of degeneration
 j - a potion of curing {unknown}
 p - a potion of haste {unknown}
 s - a potion of mutation
 t - a potion of lignification
 v - a potion of brilliance
 C - 2 potions of attraction {unknown}
 F - a potion of magic {unknown}
 H - a potion of berserk rage {unknown}


   Skills:
 - Level 1.5 Fighting
 - Level 0.8 Throwing
 + Level 2.6 Armour
 + Level 3.3 Dodging
 + Level 1.9 Stealth
 * Level 8.5 Unarmed Combat
 - Level 1.2 Spellcasting
 + Level 4.8 Translocations


You had 7 spell levels left.
You knew the following spells:

 Your Spells              Type           Power        Failure   Level
a - Blink                 Tloc           N/A          7%          2

Your spell library contained the following spells:

 Spells                   Type           Power        Failure   Level
 Gell's Gravitas          Tloc           5%           13%         3
 Lesser Beckoning         Tloc           5%           13%         3
 Teleport Other           Tloc           11%          13%         3
 Passage of Golubria      Tloc           N/A          41%         4


Dungeon Overview and Level Annotations

Branches:
Dungeon (6/15)             Temple (0/1) D:4           Sewer (visited)

Altars:
Ashenzari
Fedhas
Gozag
Makhleb
Okawaru
Sif Muna
Vehumet
Wu Jian
Xom
Yredelemnul
The Shining One


Innate Abilities, Weirdness & Mutations

You are too large for most types of armour.
((You have claws for hands.))
Your natural rate of healing is unusually fast.
((You are covered in thick fur. (AC +2)))
((You have extremely tough skin. (AC +3)))
((You are partially covered in iridescent scales. (AC +2)))
Your mind is acute. (Int +2)
You expend magic power (3 MP) to strengthen your wands.


Message History

You claw the ettin!
The ettin is heavily wounded.
The ettin hits you but does no damage. x2
The giant cockroach bites you but does no damage.
You claw the ettin!
The ettin is severely wounded.
The giant cockroach bites you but does no damage.
The ettin hits you!
* * * LOW HITPOINT WARNING * * *
The ettin hits you.
* * * LOW HITPOINT WARNING * * *
It was a potion of lignification.
You turn into a tree.
Your +0 shadow dragon scales melds into your body.
Your roots penetrate the ground.
* * * LOW HITPOINT WARNING * * *
You feel sick.
The giant cockroach bites you but does no damage.
The ettin hits you but does no damage. The ettin hits you!
You die...
Xom thinks this is hilarious!

#.### ##.#. #...#
######### #.⌠.# #.......
####...###......#####
.###....................
.....§..>..⌠............
##....B.§..........[....
+..###♣..###.._........
#. #C⌠!# #.†._...####
#..###...###.......#
#....._.###...._...# ##
#####..._......._#.# #.
#..._...####.#.# #.
#....†..# #.#.# +.
#_._....# #.#.# #.
######### #.#.#...


You could see an ettin shaped shifter and a giant cockroach.

Vanquished Creatures
  Sigmund (D:3)
  Duvessa (D:5)
  Purgy (Sewer)
  3 ice beasts (D:5)
  A necrophage (D:6)
  A phantom (D:4)
  An ogre (D:3)
  Blork the orc (D:5)
  A bullfrog (D:5)
  Dowan (D:5)
  A jelly (D:5)
  A scorpion (D:6)
  3 wights (D:6)
  A bullfrog zombie (D:6)
  A crimson imp (D:3)
  2 hounds
  A bullfrog skeleton (D:5)
  2 orc priests
  Terence (D:2)
  2 orc wizards
  3 worker ants
  A hound zombie (D:6)
  Robin (D:3)
  4 gnolls (D:3)
  5 adders
  A shadow imp (D:5)
  A white imp (D:6)
  An ufetubus (D:5)
  2 oozes
  3 worms
  3 dart slugs
  3 leopard geckos
  12 orcs
  11 bats
  2 giant cockroaches (D:1)
  18 goblins
  15 hobgoblins
  7 jackals
  A quokka (D:5)
  3 ball pythons
  6 frilled lizards
  17 kobolds
  A quokka zombie (D:5)
  8 rats
156 creatures vanquished.

Vanquished Creatures (others)
  4 plants (D:3)
4 creatures vanquished.

Grand Total: 160 creatures vanquished

Notes
Turn   | Place    | Note
-------+----------+-------------------------------------------
     0 | D:1      | Descartes the Troll Warper began the quest for the Orb.
     0 | D:1      | Reached XP level 1. HP: 19/19 MP: 1/1
    93 | D:1      | Reached XP level 2. HP: 23/27 MP: 2/2
   125 | D:1      | Reached skill level 3 in Unarmed Combat
   259 | D:1      | Reached XP level 3. HP: 33/33 MP: 3/3
  1011 | D:2      | Reached skill level 4 in Unarmed Combat
  1167 | D:2      | Found a shimmering altar of Xom.
  1168 | D:2      | Found a broken altar of Ashenzari.
  1168 | D:2      | Found a shimmering blue altar of Sif Muna.
  1170 | D:2      | Found a glowing golden altar of the Shining One.
  1170 | D:2      | Found an ornate altar of the Wu Jian Council.
  1175 | D:2      | Reached XP level 4. HP: 38/41 MP: 4/4
  1175 | D:2      | Found a blossoming altar of Fedhas.
  1176 | D:2      | Found an iron altar of Okawaru.
  1188 | D:2      | Became a worshipper of Xom of Chaos
  1249 | D:2      | XOM: silly message
  1383 | D:2      | XOM: god gift: scroll labelled QORIKHL ISTAOBU {god gift}
  1485 | D:2      | Noticed Terence
  1502 | D:2      | Killed Terence
  1503 | D:2      | Reached skill level 5 in Unarmed Combat
  1509 | D:2      | Learned a level 2 spell: Blink
  1576 | D:2      | XOM: scenery: 1 doors close
  1612 | D:3      | Noticed an ogre
  1621 | D:3      | Killed an ogre
  1622 | D:3      | Reached XP level 5. HP: 18/48 MP: 5/5
  1782 | D:3      | Noticed Sigmund
  1795 | D:3      | Killed Sigmund
  1796 | D:3      | Reached skill level 6 in Unarmed Combat
  1796 | D:3      | Reached XP level 6. HP: 38/55 MP: 6/6
  1932 | D:3      | XOM: butterfly on damage
  1948 | D:3      | XOM: summons friendly shadow imp
  1949 | D:3      | Noticed Robin
  1974 | D:3      | Killed Robin
  2096 | D:3      | Found a burning altar of Makhleb.
  2097 | D:3      | Found a radiant altar of Vehumet.
  2406 | D:3      | Found an opulent altar of Gozag.
  2412 | D:3      | You fall into a shaft and drop 3 floors!
  2420 | D:6      | Found a glowing drain.
  2422 | D:6      | Reached XP level 7. HP: 62/62 MP: 7/7
  2427 | Sewer    | Entered a sewer
  2470 | Sewer    | Noticed Purgy
  2472 | Sewer    | XOM: enchant monster (good)
  2482 | Sewer    | Killed Purgy
  2636 | D:6      | XOM: cleaving
  2654 | D:6      | Reached skill level 7 in Unarmed Combat
  2726 | D:6      | Found a basalt altar of Yredelemnul.
  2786 | D:6      | Reached skill level 1 in Armour
  2967 | D:6      | XOM: divination: detect items
  2970 | D:6      | XOM: confuse monster(s)
  2985 | D:6      | Reached skill level 1 in Stealth
  2985 | D:6      | Reached XP level 8. HP: 69/70 MP: 8/8
  3130 | D:6      | XOM: give mutations
  3130 | D:6      | Gained mutation: You are covered in thick fur. (AC +2)
                  | [Xom's mischief]
  3130 | D:6      | Gained mutation: You are dopey. (Int -2) [Xom's mischief]
  3142 | D:5      | Entered Level 5 of the Dungeon
  3150 | D:5      | XOM: cloud trail
  3165 | D:5      | XOM: fake destruction
  3290 | D:5      | XOM: 3-stop teleportation journey
  3417 | D:5      | Noticed Blork the orc
  3421 | D:5      | XOM: confusion
  3529 | D:5      | XOM: summons 3 friendly demons
  3535 | D:5      | Reached skill level 8 in Unarmed Combat
  3535 | D:5      | Noticed Duvessa
  3535 | D:5      | Noticed Dowan
  3555 | D:5      | XOM: swap monsters
  3559 | D:5      | Killed Duvessa
  3575 | D:5      | XOM: enchant monster (good)
  3587 | D:5      | Killed Dowan
  3749 | D:5      | XOM: summons 3 friendly demons
  3750 | D:5      | Killed Blork the orc
  3770 | D:5      | XOM: summons friendly iron imp
  4164 | D:5      | XOM: give mutations
  4164 | D:5      | Lost mutation: You are dopey. (Int -2) [Xom's mischief]
  4164 | D:5      | Gained mutation: Your body sometimes deteriorates upon
                  | taking damage. [Xom's mischief]
  4164 | D:5      | Gained mutation: Your body often deteriorates upon taking
                  | damage. [Xom's mischief]
  4261 | D:4      | Found a staircase to the Ecumenical Temple.
  4271 | D:4      | Noticed a glowing shapeshifter
  4271 | D:4      | a hound changed into a glowing shapeshifter
  4271 | D:4      | XOM: polymorph hound -> glowing shapeshifter
  4273 | D:4      | XOM: scenery: create altars
  4273 | D:4      | Noticed a mana viper
  4273 | D:4      | a glowing shapeshifter changed into a mana viper
  4274 | D:4      | Noticed a glowing shapeshifter
  4274 | D:4      | a mana viper changed into a glowing shapeshifter
  4275 | D:4      | Noticed a two-headed ogre
  4275 | D:4      | a glowing shapeshifter changed into a two-headed ogre
  4276 | D:4      | Noticed a wolf spider
  4276 | D:4      | a two-headed ogre changed into a wolf spider
  4284 | D:4      | Noticed an alligator
  4284 | D:4      | a wolf spider changed into an alligator
  4296 | D:4      | XOM: fog
  4296 | D:4      | Noticed a wolf spider
  4296 | D:4      | an alligator changed into a wolf spider
  4302 | D:4      | Noticed an ice dragon
  4302 | D:4      | a wolf spider changed into an ice dragon
  4304 | D:4      | Noticed a slime creature
  4304 | D:4      | an ice dragon changed into a slime creature
  4307 | D:4      | Noticed an ice dragon
  4307 | D:4      | a slime creature changed into an ice dragon
  4309 | D:4      | Noticed an ettin
  4309 | D:4      | an ice dragon changed into an ettin
  4314 | D:4      | Lost mutation: Your body often deteriorates upon taking
                  | damage. [potion of mutation]
  4314 | D:4      | Lost mutation: Your body sometimes deteriorates upon taking
                  | damage. [potion of mutation]
  4314 | D:4      | Gained mutation: You expend magic power (3 MP) to
                  | strengthen your wands. [potion of mutation]
  4314 | D:4      | Gained mutation: You are partially covered in iridescent
                  | scales. (AC +2) [potion of mutation]
  4314 | D:4      | Gained mutation: Your mind is acute. (Int +2) [potion of
                  | mutation]
  4316 | D:4      | HP: 1/70 [ettin (glowing shapeshifter) (6)]
  4317 | D:4      | Mangled by an ettin (glowing shapeshifter)

Illustrated notes

Levels and vault maps discovered:
D:1:      minmay_arrival_jagged, layout_basic
D:2:      layout_basic, grunt_temple_overflow_open, uniq_terence
D:3:      cheibrodos_old_hovel, layout_loops_ring,
          grunt_temple_overflow_lords_of_destruction, old_standard_altar,
          uniq_robin, uniq_sigmund
D:4:      layout_basic, kennysheep_mini_moat, minmay_temple_entry_junction
D:5:      layout_basic, uniq_blork_the_orc, uniq_duvessa
D:6:      layout_loops_ring, yredelemnul_altar_generic,
          cheibrodos_sewer_entry_drain, serial_rivers,
          chequers_serial_rivers_marsh, chequers_serial_rivers_micro_d,
          chequers_serial_rivers_large_b, chequers_serial_rivers_small_3,
          chequers_serial_rivers_room_a, chequers_serial_rivers_small_b

Skill      XL: |  1  2  3  4  5  6  7  8 |
---------------+-------------------------+-----
Unarmed Combat | 3 4 5 6 7 8 |  8.5
Translocations | 3 4 |  4.8
Dodging        | 2 3 |  3.3
Armour         | 1 2 |  2.6
Stealth        | 1 |  1.9
Fighting       | |  1.5
Throwing       | |  0.8
Spellcasting   | |  1.2

Action                   |  1- 3 |  4- 6 |  7- 9 || total
-------------------------+-------+-------+-------++-------
Melee: Unarmed           |   107 |   137 |   235 ||   479
       Punch             |       |     1 |     4 ||     5
 Cast: Blink             |       |     1 |       ||     1
  Use: Scroll            |       |     9 |     2 ||    11
       Potion            |       |       |     7 ||     7
 Stab: Sleeping          |     1 |     1 |    12 ||    14
       Invisible         |       |       |     5 ||     5
       Confused          |       |       |     1 ||     1
Armor: Robe              |    46 |    41 |     3 ||    90
       Shadow dragon sca |       |       |   170 ||   170
       Skin              |       |       |     2 ||     2
Dodge: Dodged            |    54 |    71 |    77 ||   202
